 Dungeon Sprint DCSS version 0.30-a0-862-g1aabd4f9c5 (webtiles) character file.

Game seed: 17779814898698709023

2386 dialectric the Carver (level 9, 0/60 HPs)
             Began as a Gargoyle Fighter on Mar 8, 2023.
             Was a Believer of Okawaru.
             Slain by a death drake (9 damage)
             ... in the Dungeon (Sprint II: "The Violet Keep of Menkaure").
             The game lasted 00:05:40 (512 turns).

dialectric the Carver (Gargoyle Fighter)             Turns: 512, Time: 00:05:40

Health: 0/60       AC: 18    Str: 22    XL:     9   Next: 46%
Magic:  9/9        EV: 12    Int:  9    God:    Okawaru [**....]
Gold:   332        SH:  0    Dex: 15    Spells: 8/8 levels left

rFire   . . .      SeeInvis .    e - +2 long sword (holy)
rCold   . . .      Faith    .    (no shield)
rNeg    + . .      Spirit   .    d - +1 ring mail of Gilac {Harm Dex+4}
rPois   ∞          Reflect  .    B - +0 helmet
rElec   +          Rampage  .    (no cloak)
rCorr   .          NoTele   +    (no gloves)
Will    .....      Harm     + .  q - +0 pair of boots
Stlth   +                        (no amulet)
HPRegen 0.30/turn                (no ring)
MPRegen 0.11/turn                (no ring)

@: no status effects
A: sickness immunity, AC +6, negative energy resistance 1, electricity
resistance, torment resistance 1, petrification resistance
a: Renounce Religion, Heroism


You were in the Dungeon.
You worshipped Okawaru.
Okawaru was pleased with you.
You visited 1 branch You collected 907 gold pieces.
You spent 575 gold pieces at shops.

Inventory:

Hand Weapons
 a - a +0 long sword
 e - a +2 long sword of holy wrath (weapon)
Missiles
 r - 6 poisoned darts (quivered)
Armour
 b - a +0 scale mail
 c - a +0 buckler
 d - the +1 ring mail of Gilac (worn) {Harm Dex+4}
   (You bought it in a shop in the Dungeon)

   Dex:       It affects your dexterity (+4).
   Harm:      It increases damage dealt and taken.
 q - a +0 pair of boots (worn)
 B - a +0 helmet (worn)
 C - a +0 plate armour
Jewellery
 n - a ring of see invisible
 y - a +6 ring of dexterity
Scrolls
 k - 4 scrolls of enchant weapon {unknown}
 l - a scroll of fear {unknown}
 m - 2 scrolls of amnesia {unknown}
 o - 6 scrolls of identify {unknown}
 u - a scroll of silence {unknown}
 v - a scroll of butterflies {unknown}
 w - a scroll of fog {unknown}
 x - a scroll of magic mapping {unknown}
 z - 2 scrolls of torment {unknown}
 A - a scroll of immolation {unknown}
Potions
 f - a potion of heal wounds
 h - 5 potions of magic
 i - a potion of might
 j - 4 potions of resistance {unknown}
 p - 4 potions of flight {unknown}
 s - 3 potions of curing
 t - 2 potions of brilliance {unknown}


   Skills:
 - Level 9.3 Fighting
 * Level 14.3 Long Blades
 + Level 12.4 Armour
 - Level 4.0 Dodging
 - Level 3.2 Shields


You had 8 spell levels left.
You didn't know any spells.
Your spell library was empty.

Dungeon Overview and Level Annotations

Branches:
Dungeon (1/1)

Altars:
Cheibriados
Dithmenos
Elyvilon
Fedhas
Gozag
Hepliaklqana
Kikubaaqudgha
Makhleb
Nemelex Xobeh
Okawaru
Qazlal
Ru
Sif Muna
Trog
Uskayaw
Vehumet
Wu Jian
Xom
Yredelemnul
Zin
The Shining One
Jiyva
Lugonu

Shops:
D (:[!=![[![(==:?

Annotations:
D exclusion: oklob plant


Innate Abilities, Weirdness & Mutations

You are immune to sickness and miasma.
Your stone body is resilient. (AC +6)
You are immune to poison.
You resist negative energy. (rN+)
You are resistant to electric shocks. (rElec)
You are resistant to unholy torment.
You are immune to petrification.


Message History

The polar bear is moderately wounded.
You slash the polar bear!
The polar bear is severely wounded.
The polar bear closely misses you. The polar bear barely misses you.
The polar bear closely misses you.
You slash the polar bear!
The polar bear is almost dead.
The polar bear bites you.
* * * LOW HITPOINT WARNING * * *
The polar bear claws you but does no damage.
The polar bear closely misses you.
You hit the polar bear.
The polar bear is almost dead.
The polar bear completely misses you.
The polar bear claws you but does no damage. x2
You hit the polar bear but do no damage.
The polar bear is almost dead.
You slash the polar bear!
You kill the polar bear!
Okawaru is honoured by your kill.
Your Long Blades skill increases to level 14!
You enter the shallow water.
Moving in this stuff is going to be slow.
You see here a polar bear corpse.
Unknown command.
A swamp drake comes into view.
The swamp drake roars!
A swamp drake comes into view.
The swamp drake moves out of view.
A death drake comes into view.
The death drake moves out of view.
You now have 332 gold pieces (gained 81).
The death drake hisses angrily.
You hit the death drake.
The death drake is lightly wounded.
The death drake bites you!
* * * LOW HITPOINT WARNING * * *
The death drake attacks as you move away!
The death drake bites you!
You die...

.. #))▓.....[..▓▓ ##.. #.
k#:)▓........▓▓ .##.####
+.##k#:[▓)...)[..▓▓ .. ...#
.^.####▓..(...[.▓▓ #B ###..##
#.^##.#▓...(.[..▓▓ +###.##..#
+..#..#▓[[)).).)▓▓ .##)#.#..#
#..#..#▓..([.[..▓▓
<.†###'.§####..##.#▓..)..)..▓▓
.##.#.#...§###.k@##▓▓▓▓▓▓▓§▓▓▓▓+▓
÷###.##......†~~~~~~~~~~§§.wwXw≈▓
..####~§§....~#'########§###V≈w≈▓
#..#~~~~§~~..~#_._._...#S§~##≈≈≈▓
.##~~~~~§§~.~#._._._._#~~≈≈####▓
##~~~≈≈§§§~~~#_._._._.#~§~~§#
~~~~~~≈§≈≈~~~#._._._._#~~~≈≈§#
#+++#~≈≈≈≈§§≈~#.._._._.#§~~§~§+ ≈
##≈≈≈###≈≈#..._._._#~§§~≈~#


You could see a death drake.

Vanquished Creatures
  A yaktaur (D)
  3 polar bears (D)
  A hornet (D)
  2 wyverns (D)
  Menkaure (D)
  4 water moccasins (D)
  4 necrophages (D)
  5 scorpions (D)
21 creatures vanquished.

Vanquished Creatures (others)
  A water moccasin (D)
  8 tentacles (D)
9 creatures vanquished.

Grand Total: 30 creatures vanquished

Notes
Turn   | Place    | Note
-------+----------+-------------------------------------------
     0 | D        | dialectric the Gargoyle Fighter began the quest for the
                  | Orb.
     0 | D        | Reached XP level 1. HP: 14/14 MP: 1/1
     8 | D        | Noticed a scorpion
     8 | D        | Noticed a scorpion
     8 | D        | Noticed a scorpion
     8 | D        | Noticed a scorpion
    14 | D        | Killed a scorpion
    15 | D        | Reached skill level 5 in Fighting
    15 | D        | Reached skill level 2 in Long Blades
    15 | D        | Reached skill level 5 in Armour
    15 | D        | Reached XP level 2. HP: 17/21 MP: 2/2
    15 | D        | Reached XP level 3. HP: 21/26 MP: 3/3
    17 | D        | Killed a scorpion
    18 | D        | Reached skill level 3 in Long Blades
    18 | D        | Reached XP level 4. HP: 25/32 MP: 4/4
    18 | D        | Reached XP level 5. HP: 29/37 MP: 5/5
    22 | D        | Reached skill level 4 in Long Blades
    27 | D        | Reached skill level 5 in Long Blades
    27 | D        | Reached XP level 6. HP: 21/44 MP: 6/6
    29 | D        | Noticed a boulder beetle
    29 | D        | Noticed a boulder beetle
    30 | D        | Killed a water moccasin
    32 | D        | Noticed a wyvern
    32 | D        | Noticed a wyvern
    41 | D        | Reached skill level 6 in Long Blades
    50 | D        | Reached skill level 7 in Long Blades
    57 | D        | Reached XP level 7. HP: 41/51 MP: 7/7
    69 | D        | Killed a wyvern
    70 | D        | Reached skill level 8 in Long Blades
    70 | D        | Reached skill level 10 in Armour
    79 | D        | Killed a wyvern
    80 | D        | Reached skill level 9 in Long Blades
    82 | D        | Noticed Menkaure
    93 | D        | Killed Menkaure
    94 | D        | Reached skill level 10 in Long Blades
    94 | D        | Reached XP level 8. HP: 13/56 MP: 8/8
   112 | D        | Found Copum's Book Emporium.
   112 | D        | Found Rimiry's Jewellery Shoppe.
   112 | D        | Found Ylohad's Magic Scroll Shoppe.
   112 | D        | Found Fovoupt's Jewellery Emporium.
   113 | D        | Found Zum Niabe's Antique Armour Shoppe.
   113 | D        | Found Muoss's Distillery.
   113 | D        | Found Bevuag's Antique Armour Shoppe.
   114 | D        | Found Fietuhag's Antique Armour Emporium.
   114 | D        | Found Beosmoeg's Distillery.
   114 | D        | Found Eweceide's Jewellery Shoppe.
   115 | D        | Found Koowk's Antique Weapon Emporium.
   116 | D        | Found Gewilaiq's Distillery.
   116 | D        | Found Guroniz's Antique Armour Emporium.
   116 | D        | Noticed a great orb of eyes
   116 | D        | Noticed an oklob plant
   117 | D        | Found Wixo's Weapon Shoppe.
   117 | D        | Found Emoi's Book Shoppe.
   132 | D        | Noticed a hell hog
   132 | D        | Noticed a hell hog
   150 | D        | Bought a turquoise-encrusted ring mail for 189 gold pieces
   150 | D        | Identified the +1 ring mail of Gilac {Harm Dex+4} (You
                  | bought it in a shop in the Dungeon)
   163 | D        | Bought a glowing long sword for 188 gold pieces
   168 | D        | Bought 2 potions of heal wounds for 110 gold pieces
   168 | D        | Bought 2 potions of might for 88 gold pieces
   226 | D        | Found an iron altar of Okawaru.
   226 | D        | Found an opulent altar of Gozag.
   227 | D        | Found a sparkling altar of Nemelex Xobeh.
   227 | D        | Found a blossoming altar of Fedhas.
   228 | D        | Found a radiant altar of Vehumet.
   228 | D        | Found a burning altar of Makhleb.
   228 | D        | Found a white marble altar of Elyvilon.
   229 | D        | Found a hide-covered altar of Uskayaw.
   229 | D        | Found a corrupted altar of Lugonu.
   229 | D        | Found a shadowy altar of Dithmenos.
   230 | D        | Found a glowing silver altar of Zin.
   230 | D        | Found a bloodstained altar of Trog.
   230 | D        | Found an ancient bone altar of Kikubaaqudgha.
   231 | D        | Found a basalt altar of Yredelemnul.
   231 | D        | Found a shimmering blue altar of Sif Muna.
   231 | D        | Found a viscous altar of Jiyva.
   232 | D        | Found a shimmering altar of Xom.
   232 | D        | Found a sacrificial altar of Ru.
   234 | D        | Found a glowing golden altar of the Shining One.
   234 | D        | Found an ornate altar of the Wu Jian Council.
   234 | D        | Found a stormy altar of Qazlal.
   234 | D        | Found a snail-covered altar of Cheibriados.
   234 | D        | Found a hazy altar of Hepliaklqana.
   236 | D        | Became a worshipper of Warmaster Okawaru
   244 | D        | Found the +3 pair of gauntlets of War {Slay+5}
   247 | D        | Noticed a kraken
   395 | D        | Noticed a yaktaur
   395 | D        | Noticed a hornet
   395 | D        | Noticed a polar bear
   395 | D        | Noticed a polar bear
   396 | D        | Noticed a polar bear
   415 | D        | Reached skill level 11 in Long Blades
   430 | D        | Killed a hornet
   430 | D        | Reached * piety under Okawaru
   431 | D        | Reached skill level 12 in Long Blades
   437 | D        | Killed a polar bear
   438 | D        | Reached XP level 9. HP: 18/60 MP: 9/9
   445 | D        | Killed a polar bear
   446 | D        | Reached skill level 13 in Long Blades
   451 | D        | Killed a yaktaur
   495 | D        | Killed a polar bear
   495 | D        | Reached ** piety under Okawaru
   496 | D        | Reached skill level 14 in Long Blades
   498 | D        | Noticed a death drake
   512 | D        | Slain by a death drake

Illustrated notes

Levels and vault maps discovered:
D:        the_violet_keep_of_menkaure [sprint2_stairs_cluster_1,
          sprint2_shoproom, sprint2_temple, sprint2_basic_supplies,
          sprint2_obstacle_1, sprint2_obstacle_2, sprint2_obstacle_5,
          sprint2_obstacle_4, sprint2_obstacle_3, sprint2_timed_cluster_1,
          sprint2_smallroom_cluster_1, sprint2_smallroom_final_cluster_1,
          sprint2_transparent_cluster_1, sprint2_second_timed_cluster_1,
          sprint2_sniper_area_1, sprint2_heavy_combat_area_1,
          sprint2_mutation_trap_area_1, sprint2_forest_area_1,
          sprint2_light_combat_area_1, sprint2_behind_water_1,
          sprint2_near_end_vault_1]

Skill      XL: |  1  2  3  4  5  6  7  8  9 |
---------------+----------------------------+-----
Fighting       | 5 6 8 9 |  9.3
Long Blades    | 2 3 5 7 10 12 14 | 14.3
Armour         | 5 6 8 9 10 11 12 | 12.4
Dodging        | 2 3 4 |  4.0
Shields        | |  3.2

Action                     |  1- 3 |  4- 6 |  7- 9 || total
---------------------------+-------+-------+-------++-------
  Melee: Long sword        |     8 |    29 |    81 ||   118
    Use: Potion            |     1 |     1 |     6 ||     8
         Scroll            |       |       |     1 ||     1
 Armour: Scale mail        |     3 |    12 |     5 ||    20
         Ring mail         |       |       |    37 ||    37
  Dodge: Dodged            |     5 |    11 |    63 ||    79

Table legend: (Time is in decaauts)
 A = Elapsed time spent in this place.
 B = Non-inter-level travel time spent in this place.
 C = Inter-level travel time spent in this place.
 D = Time resting spent in this place.
 E = Time spent auto-exploring this place.
 F = Levels seen in this place.
 G = Mean time per level.
                   A        B        C        D        E       F      G
               +--------+--------+--------+--------+--------+-----+--------+
         Total |    516 |    516 |      0 |      4 |      0 |   1 |  516.0 |
       Dungeon |    516 |    516 |      0 |      4 |      0 |   1 |  516.0 |
               +--------+--------+--------+--------+--------+-----+--------+

Top non-repeatable levels by time:
       D: 516 daAuts
